 Dungeon Crawl Stone Soup version 0.24-a0-736-g4e6fe308c7 (webtiles) character file.

Game seed: 1043705155323697174, levelgen mode: deterministic

177 Kohma the Conjurer (level 5, -1/42 HPs)
             Began as a Draconian Conjurer on Oct 2, 2019.
             Slain by an orc
             ... wielding a +0 flail
              (6 damage)
             ... on level 3 of the Dungeon.
             The game lasted 00:10:28 (3264 turns).

Kohma the Conjurer (Draconian Conjurer)             Turns: 3264, Time: 00:10:28

Health: -1/42      AC:  7    Str: 10    XL:     5   Next: 31%
Magic:  1/9        EV: 12    Int: 17    God:
Gold:   114        SH:  0    Dex: 11    Spells: 7/10 levels left

rFire    . . .     SeeInvis .   n - +0 hunting sling (flame)
rCold    . . .     Gourm    .   (no shield)
rNeg     + . .     Faith    .   (armour unavailable)
rPois    .         Spirit   .   (helmet restricted)
rElec    .         Reflect  .   k - +0 cloak
rCorr    .         Harm     .   (no gloves)
MR       .....                  m - +0 pair of boots
Stlth    ++........             (no amulet)
HPRegen  0.14/turn              e - ring of positive energy
MPRegen  0.11/turn              (no ring)

@: no status effects
A: unfitting armour, cold-blooded, AC +5
a: no special abilities


You were on level 3 of the Dungeon.
You were not hungry.

You visited 1 branch of the dungeon, and saw 3 of its levels.

You collected 114 gold pieces.

Inventory:

Hand Weapons
 h - a +0 dagger
 n - a +0 hunting sling of flaming (weapon)
 r - a +0 long sword
Missiles
 c - 154 stones (quivered)
 i - 5 javelins
Armour
 k - a +0 cloak (worn)
 m - a +0 pair of boots (worn)
Jewellery
 e - a ring of positive energy (left hand)
Wands
 s - a wand of flame (11)
Scrolls
 a - 3 scrolls of teleportation {unknown}
 d - a scroll of remove curse {unknown}
 g - 3 scrolls of identify {unknown}
 p - a scroll of magic mapping {unknown}
 q - a scroll of amnesia {unknown}
 t - a scroll of enchant armour {unknown}
Potions
 f - 3 potions of brilliance {unknown}
 j - 2 potions of magic {unknown}
 l - 2 potions of haste {unknown}
Comestibles
 b - 9 rations
 o - 5 chunks of flesh


   Skills:
 + Level 2.5 Fighting
 - Level 1.7 Dodging
 - Level 1.7 Stealth
 + Level 3.0 Spellcasting
 * Level 5.5 Conjurations


You had 7 spell levels left.
You knew the following spells:

 Your Spells              Type           Power        Failure   Level  Hunger
a - Magic Dart            Conj           ###.         1%          1    None
b - Searing Ray           Conj           ###...       2%          2    ##.....

Your spell library contained the following spells:

 Spells                   Type           Power        Failure   Level  Hunger
 Dazzling Spray           Conj/Hex       ##....       17%         3    ###....
 Iskenderun's Mystic Bla  Conj           ###.....     19%         4    ####...
 Force Lance              Conj/Tloc      ##......     50%         4    ####...
 Fulminant Prism          Conj/Hex       ##........   50%         4    ####...


Dungeon Overview and Level Annotations

Branches:
Dungeon (3/15)

Altars:
Sif Muna
Wu Jian
Yredelemnul


Innate Abilities, Weirdness & Mutations

Your plain brown scales are hard. (AC +5)
You cannot fit into any form of body armour.
You are cold-blooded and may be slowed by cold attacks.


Message History

Press: ? - help, Shift-Dir - straight line, f/p - orc
Aim: an orc, wielding a +0 flail and wearing a +0 ring mail (heavily wounded)
You shoot a stone.
The stone hits the orc but does no damage.
The orc is heavily wounded.
The orc closely misses you.
Firing (i - inventory. (/) - cycle)
c - 156 stones (quivered)
Press: ? - help, Shift-Dir - straight line, f/p - orc
Aim: an orc, wielding a +0 flail and wearing a +0 ring mail (heavily wounded)
You shoot a stone. The stone barely misses the orc.
The stone hits the goblin.
The stone burns the goblin.
The goblin is severely wounded.
The orc barely misses you.
Firing (i - inventory. (/) - cycle)
c - 155 stones (quivered)
Press: ? - help, Shift-Dir - straight line, f/p - orc
Aim: an orc, wielding a +0 flail and wearing a +0 ring mail (heavily wounded)
You shoot a stone. The stone hits the orc.
The stone burns the orc.
The orc is severely wounded.
The orc hits you with a +0 flail.
You die...

#...# ### #.o.# #.# ..o.##
#.# #....# #.########
#....# .# #.#.......
$.####....#...# #.........
).............. #.........
#######(##### #####....#.#
.# #...(...)go@# #.#
####.#.# .# #.###########
##.### #.... .#
#.########### #....# #....
.# #...........# #....#
##... .# #........[..#
#....# #...
.#####......>....####....#
#...
.........................#
#...
.................####....#
#... .#####...........#
#....# ###).


You could see an orc and a goblin.

Vanquished Creatures
  An orc priest (D:3)
  An orc wizard (D:3)
  3 adders
  2 oozes
  A worm (D:2)
  A dart slug (D:1)
  2 leopard geckos
  7 orcs (D:3)
  2 ball pythons
  2 giant cockroaches
  8 goblins
  6 hobgoblins
  8 jackals
  8 bats
  3 frilled lizards
  6 kobolds
  11 rats
  A spectral orc (D:2)
73 creatures vanquished.

Notes
Turn   | Place    | Note
-------+----------+-------------------------------------------
     0 | D:1      | Kohma the Draconian Conjurer began the quest for the Orb.
     0 | D:1      | Reached XP level 1. HP: 14/14 MP: 3/3
   357 | D:1      | Reached XP level 2. HP: 20/22 MP: 1/5
   634 | D:1      | Reached skill level 1 in Fighting
   931 | D:1      | Reached XP level 3. HP: 22/28 MP: 0/6
   943 | D:1      | Learned a level 2 spell: Searing Ray
  1841 | D:2      | Found a shimmering blue altar of Sif Muna.
  2136 | D:2      | Reached XP level 4. HP: 36/36 MP: 4/7
  2412 | D:2      | Found a basalt altar of Yredelemnul.
  2666 | D:3      | Reached skill level 5 in Conjurations
  2703 | D:3      | Found an ornate altar of the Wu Jian Council.
  3225 | D:3      | Reached XP level 5. HP: 14/42 MP: 1/9
  3264 | D:3      | Slain by an orc

Levels and vault maps discovered:
D:1:      minmay_arrival_cross, layout_loops_ring,
          hangedman_abyss_or_decor_stabs
D:2:      layout_basic, yredelemnul_forgotten_temple_becter,
          lemuel_blue_sif_altar, grunt_ministairs_1
D:3:      minmay_recursive_quarters, layout_rooms, old_standard_altar,
          first_ration, uniq_crazy_yiuf_cottage

Skill      XL: |  1  2  3  4  5 |
---------------+----------------+-----
Fighting       | 1 2 |  2.5
Conjurations   | 5 |  5.5
Spellcasting   | 3 |  3.0
Dodging        | |  1.7
Stealth        | |  1.7

Action                   |  1- 3 |  4- 6 || total
-------------------------+-------+-------++-------
Melee: Club              |    13 |       ||    13
       Unarmed           |     3 |       ||     3
       Dagger            |    26 |       ||    26
       Tailslap          |     6 |       ||     6
 Fire: Hunting sling     |    22 |    32 ||    54
Throw: Stone             |     2 |       ||     2
 Cast: Magic Dart        |    61 |    47 ||   108
       Searing Ray       |     3 |     3 ||     6
 Stab: Sleeping          |     1 |       ||     1
  Eat: Chunk             |     5 |     4 ||     9
Armor: Skin              |    20 |     8 ||    28
Dodge: Dodged            |    50 |    14 ||    64

Table legend:
 A = Non-vault XP
 B = Vault XP
 C = Vault XP percentage of total XP
 D = Non-vault monster count
 E = Vault monster count
 F = Vault count percentage of total count
                 A         B        C        D         E       F
            +---------+---------+-------+---------+---------+-------
      Total |     239 |      15 |   5.9 |      64 |       9 |  12.3
            +---------+---------+-------+---------+---------+-------
        D:1 |      54 |       0 |   0.0 |      28 |       0 |   0.0
        D:2 |      54 |       5 |   8.5 |      17 |       3 |  15.0
        D:3 |     131 |      10 |   7.1 |      19 |       6 |  24.0
            +---------+---------+-------+---------+---------+-------
